cohdb
Replays
Latest Replays
All Replays
Popular Replays
Top Player Replays
Match Explorer
How It Works
Community
CoH3 Stats
Reddit
Sign in to upload your games and track your stats! →
Sign in with Steam
Match 44695849
Unlisted
Match 44695849
Overview
Messages
Build Orders
End
Construct Section Command Post
Selects Indian Artillery Battlegroup
Selects Indian Artillery Battlegroup
Selects Indian Artillery Battlegroup
Vickers Machine Gun Team
Infantry Section
Infantry Section
Selects Towed ML 4.2-inch Heavy Mortar
Towed ML 4.2-inch Heavy Mortar
Construct Platoon Command Post
Unlock M3 Stuart Light Tanks
Selects Off-map Airburst Barrage
远远
Blue Dragon
chrislim
GregLim
潇洒哥
anioki
vincent
VskrivatelEby4ek
0
0
Comments
sign in to comment!
No comments posted yet!